 Dungeon Crawl Stone Soup version 0.27-a0-1196-g3e9cee4cb2 (webtiles) character file.

Game seed: 12238686075642528277

108 bilbop the Covered (level 4, 0/41 HPs)
             Began as a Minotaur Fighter on May 28, 2021.
             Slain by an orc warrior
             ... wielding a +0 scimitar
              (5 damage)
             ... on level 3 of the Dungeon.
             The game lasted 00:09:39 (3034 turns).

bilbop the Covered (Minotaur Fighter)               Turns: 3034, Time: 00:09:39

Health: 0/41       AC: 12    Str: 22    XL:     4   Next: 58%
Magic:  0/3        EV:  4    Int:  5    God:
Gold:   71         SH:  9    Dex:  9    Spells: 3/3 levels left

rFire    . . .     SeeInvis .   a - +0 flail
rCold    . . .     Faith    .   c - +0 kite shield
rNeg     . . .     Spirit   +   i - +0 plate armour
rPois    .         Reflect  .   (helmet restricted)
rElec    .         Harm     .   (no cloak)
rCorr    .         Rampage  .   (no gloves)
Will     .....                  (no boots)
Stlth    ..........             j - amulet of guardian spirit
HPRegen  0.13/turn              (no ring)
MPRegen  0.08/turn              (no ring)

@: no status effects
A: horns 2, retaliatory headbutt
a: no special abilities


You were on level 3 of the Dungeon.
You visited 1 branch of the dungeon, and saw 4 of its levels.

You collected 99 gold pieces.
You spent 28 gold pieces at shops.

Inventory:

Hand Weapons
 a - a +0 flail (weapon)
Armour
 b - a +0 scale mail
 c - a +0 kite shield (worn)
 i - a +0 plate armour (worn)
Jewellery
 j - an amulet of guardian spirit (around neck)
Scrolls
 e - a scroll of silence
 f - a scroll of summoning {unknown}
Potions
 d - a potion of might
 g - a potion of lignification {unknown}
 h - 2 potions of curing {unknown}


   Skills:
 + Level 4.5 Fighting
 + Level 3.5 Maces & Flails
 + Level 4.5 Armour
 + Level 4.5 Shields


You had 3 spell levels left.
You didn't know any spells.
Your spell library contained the following spells:

 Spells                   Type           Power      Damage    Failure   Level
 Animate Skeleton         Necr           0%         N/A       100%        1
 Apportation              Tloc           0%         N/A       100%        1
 Corona                   Hex            0%         N/A       100%        1
 Shock                    Conj/Air       0%         1d3       100%        1
 Summon Small Mammal      Summ           0%         N/A       100%        1
 Static Discharge         Conj/Air       0%         N/A       100%        2
 Swiftness                Air            0%         N/A       100%        3
 Airstrike                Air            0%         N/A       100%        4
 Lightning Bolt           Conj/Air       0%         1d11      100%        5


Dungeon Overview and Level Annotations

Branches:
Dungeon (4/15)
 Temple: D:4-7

Altars:

Shops:
D:2 ?([


Innate Abilities, Weirdness & Mutations

You have a pair of horns on your head.
You reflexively headbutt those who attack you in melee.


Message History

The bat hits you.
* * * LOW HITPOINT WARNING * * *
The bat hits you.
* * * LOW HITPOINT WARNING * * *
The bat hits you but does no damage. The bat hits you but does no damage.
The bat hits you but does no damage. The bat barely misses you.
The bat hits you but does no damage. The bat hits you but does no damage.
The orc wizard casts a spell at itself.
The orc wizard flickers and vanishes!
Deactivating autopickup; reactivate with Ctrl-A.
The bat hits you but does no damage. You block the bat's attack.
The bat hits you but does no damage. You block the bat's attack.
The bat hits you but does no damage. You block the bat's attack.
You block the bat's attack. The bat barely misses you. You furiously retaliate!
You headbutt the bat.
You kill the bat!
Found a dagger.
You see here a +0 dagger.
A frilled lizard comes into view.
The frilled lizard hisses angrily.
Found a stone staircase leading up.
You miss the frilled lizard. You block the frilled lizard's attack.
The frilled lizard barely misses you.
You closely miss the frilled lizard. You block the frilled lizard's attack.
You block the orc warrior's attack.
You barely miss the frilled lizard.
Your headbutt misses the frilled lizard.
You block the frilled lizard's attack.
The orc warrior hits you with a +0 scimitar.
* * * LOW HITPOINT WARNING * * *
The frilled lizard bites you but does no damage.
You sock the frilled lizard!
You kill the frilled lizard!
The orc warrior hits you with a +0 scimitar!
You die...

##.........†...#.#.......####.#.#
.......######.##...####...>......
.#####†o.....#####..###..####.###
.# #.######.###.....#..# #.# # o#
#.# ##.#....#.#..####.### .# #.#
##)#...#.#.......... .# #.#
#.##............... o# #.#
#o##..####.####...† .# #.#
#.@<....... ##### .# #.
####..##### # .# .# # .# # # .. #
... ####### #### #......
######.##### .......#####


You could see an orc warrior.

Vanquished Creatures
  A gnoll (D:2)
  4 adders
  2 dart slugs (D:1)
  2 ball pythons (D:1)
  6 endoplasms
  2 giant cockroaches
  4 goblins
  4 hobgoblins
  5 jackals
  4 quokkas
  9 bats
  6 frilled lizards
  4 kobolds
  3 rats
56 creatures vanquished.

Notes
Turn   | Place    | Note
-------+----------+-------------------------------------------
     0 | D:1      | bilbop the Minotaur Fighter began the quest for the Orb.
     0 | D:1      | Reached XP level 1. HP: 19/19 MP: 0/0
   341 | D:1      | Reached XP level 2. HP: 11/27 MP: 1/1
   905 | D:1      | Reached XP level 3. HP: 33/33 MP: 2/2
  1204 | D:2      | Found Ocaunta's Magic Scroll Emporium.
  1212 | D:2      | Bought a scroll of identify for 28 gold pieces
  1257 | D:2      | Found Wybrak's Weapon Emporium.
  1602 | D:2      | Found Ciasevog's Antique Armour Emporium.
  1855 | D:2      | Reached XP level 4. HP: 35/41 MP: 3/3
  1904 | D:2      | You fall into a shaft and drop 2 floors!
  1904 | D:4      | Noticed an orc warrior
  2993 | D:3      | Noticed an orc warrior
  3034 | D:3      | Slain by an orc warrior

Illustrated notes

Levels and vault maps discovered:
D:1:      mrwooster_arrival_arrow, layout_loops_ring
D:2:      minmay_angry_zag, layout_basic, serial_shops, shop,
          nicolae_shop_stone, shop, shop, shop, moated_statue, st_stairs_11,
          cheibrodos_gnoll_hut
D:3:      layout_loops_ring, corexii_hall_statues_t, uniq_grinder
D:4:      layout_gridville, enter_ossuary_1, lemuel_flame_loot_1

Skill      XL: |  1  2 |
---------------+-------+-----
Armour         | 4 |  4.5
Fighting       | 4 |  4.5
Shields        | 4 |  4.5
Maces & Flails | 3 |  3.5

Action                   |  1- 3 |  4- 6 || total
-------------------------+-------+-------++-------
Melee: Flail             |   110 |    37 ||   147
       Headbutt          |    10 |     4 ||    14
  Use: Scroll            |     1 |       ||     1
Armor: Scale mail        |    45 |       ||    45
       Plate armour      |    22 |    46 ||    68
Dodge: Dodged            |    30 |    13 ||    43
Block: Kite shield       |    76 |    36 ||   112

Table legend: (Time is in decaauts)
 A = Elapsed time spent in this place.
 B = Non-inter-level travel time spent in this place.
 C = Inter-level travel time spent in this place.
 D = Time resting spent in this place.
 E = Time spent auto-exploring this place.
 F = Levels seen in this place.
 G = Mean time per level.
                   A        B        C        D        E       F      G
               +--------+--------+--------+--------+--------+-----+--------+
         Total |   3103 |   2846 |    257 |    195 |   2235 |   4 |  775.8 |
       Dungeon |   3103 |   2846 |    257 |    195 |   2235 |   4 |  775.8 |
               +--------+--------+--------+--------+--------+-----+--------+

Top non-repeatable levels by time:
     D:2: 1772 daAuts
     D:1: 1146 daAuts
     D:3: 174 daAuts
     D:4: 9 daAuts
